 Dungeon Crawl Stone Soup version 0.29.1-2-gbd0b4ee654 (webtiles) character file.

Game seed: 1920753076109452084

321 styxcanada the Sneak (level 6, -4/32 HPs)
             Began as a Spriggan Brigand on Nov 5, 2022.
             Slain by a black bear (5 damage)
             ... on level 5 of the Dungeon.
             The game lasted 00:14:28 (4290 turns).

styxcanada the Sneak (Spriggan Brigand)             Turns: 4290, Time: 00:14:29

Health: -4/32      AC:  3    Str:  7    XL:     6   Next: 22%
Magic:  7/7        EV: 18    Int: 13    God:
Gold:   208        SH:  0    Dex: 18    Spells: 4/5 levels left

rFire   . . .      SeeInvis +   a - +2 dagger
rCold   . . .      Faith    .   (no shield)
rNeg    . . .      Spirit   .   b - +0 robe
rPois   .          Reflect  .   (helmet restricted)
rElec   .          Harm     .   c - +0 cloak
rCorr   .          Rampage  .   (gloves unavailable)
Will    +....                   (boots unavailable)
Stlth   ++++......              (no amulet)
HPRegen 0.10/turn               (no ring)
MPRegen 0.10/turn               (no ring)

@: very quick
A: very small, no large weapons, unfitting armour, see invisible, speed 3
a: no special abilities


You were on level 5 of the Dungeon.
You visited 1 branch of the dungeon, and saw 5 of its levels.

You collected 208 gold pieces.

Inventory:

Hand Weapons
 a - a +2 dagger (weapon)
Missiles
 d - 17 poisoned darts (quivered)
 e - 3 curare-tipped darts
 f - 16 stones
Armour
 b - a +0 robe (worn)
 c - a +0 cloak (worn)
 h - a scarf of repulsion
Scrolls
 i - a scroll of fog {unknown}
 l - a scroll of amnesia {unknown}
 o - 3 scrolls of identify {unknown}
 p - a scroll of vulnerability {unknown}
 q - a scroll of immolation {unknown}
 r - a scroll of enchant armour {unknown}
 t - a scroll of magic mapping {unknown}
 u - a scroll of summoning {unknown}
 v - a scroll of acquirement {unknown}
Potions
 g - a potion of degeneration {unknown}
 j - a potion of lignification {unknown}
 k - a potion of ambrosia {unknown}
 m - 3 potions of curing
 n - 2 potions of berserk rage {unknown}
 s - a potion of attraction {unknown}


   Skills:
 + Level 2.5 Fighting
 + Level 4.1 Short Blades
 + Level 3.1 Throwing
 + Level 3.2 Dodging
 + Level 7.8 Stealth


You had 4 spell levels left.
You knew the following spells:

 Your Spells              Type           Power      Damage    Failure   Level
a - Magic Dart            Conj           0%         1d3       30%         1

Your spell library contained the following spells:

 Spells                   Type           Power      Damage    Failure   Level
 Sandblast                Erth           0%         2d4       30%         1
 Call Imp                 Summ           0%         N/A       43%         2
 Passwall                 Tmut/Erth      0%         N/A       43%         2
 Mephitic Cloud           Conj/Pois/Air  0%         N/A       67%         3
 Stone Arrow              Conj/Erth      0%         3d7       67%         3


Dungeon Overview and Level Annotations

Branches:
Dungeon (5/15)
 Temple: D:4-7

Altars:
Qazlal


Innate Abilities, Weirdness & Mutations

You are very small and have problems with some larger weapons.
You are too small for most types of armour.
You have supernaturally acute eyesight. (SInv)
You cover ground extremely quickly. (Speed+++)


Message History

The centaur closely misses you. The centaur kicks you.
You hit the centaur.
The centaur is heavily wounded.
The centaur misses you. The centaur kicks you.
You hit the centaur but do no damage.
The centaur is heavily wounded.
The centaur barely misses you. The centaur completely misses you.
The black bear barely misses you. The black bear claws you.
The black bear claws you but does no damage.
You barely miss the centaur.
The centaur is heavily wounded.
The centaur closely misses you. The centaur kicks you.
The black bear bites you. The black bear closely misses you.
The black bear claws you but does no damage.
You hit the centaur but do no damage.
The centaur is heavily wounded.
The centaur barely misses you. The centaur completely misses you.
You hit the centaur.
The centaur is heavily wounded.
The centaur misses you.
The centaur kicks you but does no damage.
The black bear misses you. x2; The black bear closely misses you.
The centaur misses you. The centaur barely misses you.
You hit the centaur.
The centaur is severely wounded.
The black bear bites you. The black bear completely misses you.
The black bear misses you. The centaur misses you.
The centaur closely misses you.
You closely miss the centaur.
The centaur is severely wounded.
The centaur hits you but does no damage.
The centaur closely misses you. The black bear bites you!
* * * LOW HITPOINT WARNING * * *
The black bear closely misses you. x2
You hit the centaur.
The centaur is severely wounded.
The centaur closely misses you. The centaur kicks you.
* * * LOW HITPOINT WARNING * * *
The black bear bites you.
You die...

..# #.# #.# # #.# #.
#.#
#####.######.########
............(h......>
#<.....@.....#
#.......c....#
#............#
#............#
#............#
#............#
#............#
#.##+#########


You could see a black bear and a centaur.

Vanquished Creatures
  An ogre (D:4)
  A scorpion (D:4)
  An iguana (D:4)
  3 orc wizards
  8 orcs
  4 ball pythons
  A bat (D:2)
  9 endoplasms
  4 giant cockroaches
  5 goblins
  6 hobgoblins
  9 jackals
  2 quokkas (D:1)
  A frilled lizard (D:1)
  5 kobolds
  4 rats
64 creatures vanquished.

Notes
Turn   | Place    | Note
-------+----------+-------------------------------------------
     0 | D:1      | styxcanada the Spriggan Brigand began the quest for the
                  | Orb.
     0 | D:1      | Reached XP level 1. HP: 10/10 MP: 2/2
   153 | D:1      | Found a faded altar of an unknown god.
   194 | D:1      | Reached skill level 6 in Stealth
   765 | D:1      | Reached XP level 2. HP: 12/15 MP: 3/3
  1935 | D:2      | Reached XP level 3. HP: 16/18 MP: 4/4
  3103 | D:3      | Reached XP level 4. HP: 13/23 MP: 5/5
  3370 | D:4      | Reached skill level 7 in Stealth
  3495 | D:4      | Noticed an ogre
  3503 | D:4      | Killed an ogre
  3504 | D:4      | Reached XP level 5. HP: 27/27 MP: 6/6
  3621 | D:4      | Reached XP level 6. HP: 32/32 MP: 7/7
  3656 | D:4      | Learned a level 1 spell: Magic Dart
  3893 | D:4      | Found a stormy altar of Qazlal.
  4271 | D:5      | Entered Level 5 of the Dungeon
  4290 | D:5      | HP: 1/32 [centaur (2)]
  4290 | D:5      | Slain by a black bear

Illustrated notes

Levels and vault maps discovered:
D:1:      dpeg_arrival_circle_labyrinth_c, layout_basic,
          shapermc_ecumenical_altar_gd, minmay_pentomino_u4
D:2:      layout_loops_cross
D:3:      layout_basic, nicolae_overflow_hidden_temple, serial_forest,
          infiniplex_forest_clump_long, infiniplex_forest_corner_2,
          infiniplex_forest_clump_double, infiniplex_forest_corner_1,
          infiniplex_forest_straight_3, infiniplex_forest_corner_1,
          infiniplex_forest_lined_3, infiniplex_forest_zigzag_1
D:4:      layout_basic, nicolae_qazlal_eye_of_the_storm, patterned_corridor
D:5:      layout_basic

Skill      XL: |  1  2  3  4  5  6 |
---------------+-------------------+-----
Stealth        | 6 7 |  7.8
Fighting       | 2 |  2.5
Dodging        | 2 3 |  3.2
Short Blades   | 3 4 |  4.1
Throwing       | 3 |  3.1

Action                   |  1- 3 |  4- 6 || total
-------------------------+-------+-------++-------
Melee: Dagger            |   147 |    40 ||   187
       Punch             |     2 |     2 ||     4
Throw: Dart              |    13 |    29 ||    42
 Stab: Sleeping          |    10 |     5 ||    15
Armor: Robe              |    19 |     9 ||    28
Dodge: Dodged            |    93 |    42 ||   135
